 Dungeon Crawl Stone Soup version 0.29.1-15-g9cfb28693d (webtiles) character file.

Game seed: 15574175326165780762

13227 croobank the Destroyer (level 12, -25/91 HPs)
             Began as a Gnoll Conjurer on May 2, 2023.
             Was the Champion of Makhleb.
             Annihilated by a boulder beetle (55 damage)
             ... on level 11 of the Dungeon.
             The game lasted 00:37:36 (13319 turns).

croobank the Destroyer (Gnoll Conjurer)            Turns: 13319, Time: 00:37:37

Health: -25/91     AC:  8    Str:  7    XL:     12   Next: 3%
Magic:  16/24      EV: 18    Int: 22    God:    Makhleb [******]
Gold:   386        SH:  5    Dex: 11    Spells: 6/28 levels left

rFire   . . .      SeeInvis .   A - +9 short sword (holy)
rCold   . . .      Faith    .   O - +0 buckler
rNeg    . . .      Spirit   .   z - +2 robe {Will+}
rPois   .          Reflect  .   w - +1 helmet
rElec   .          Harm     .   (no cloak)
rCorr   .          Rampage  .   o - +0 pair of gloves
Will    ++...                   (no boots)
Stlth   ++++......              (no amulet)
HPRegen 0.25/turn               a - +4 ring of evasion
MPRegen 0.19/turn               V - ring of willpower

@: no status effects
A: fangs 1, strong nose, distributed training
a: Renounce Religion, Minor Destruction, Lesser Servant of Makhleb, Major
Destruction, Greater Servant of Makhleb


You were on level 11 of the Dungeon.
You worshipped Makhleb.
Makhleb was exalted by your worship.
You visited 1 branch of the dungeon, and saw 11 of its levels.
You also visited: Ossuary.

You collected 458 gold pieces.
You spent 72 gold pieces at shops.

Inventory:

Hand Weapons
 f - the +9 mace of the Bellicose God {drain, rPois rN+ Will+}
   (You found it on level 10 of the Dungeon)

   A truly terrible weapon, it drains the life of any living foe it strikes.
   rPois:     It protects you from poison.
   rN:        It protects you from negative energy.
   Will:      It increases your willpower.
 m - a +4 hand axe of venom
 n - a +2 sling of freezing
 A - a +9 short sword of holy wrath (weapon)
 Y - a +3 scimitar of flaming
Missiles
 h - 29 poisoned darts (quivered)
 p - 2 throwing nets
 E - 7 curare-tipped darts
Armour
 e - a +0 leather armour
 o - a +0 pair of gloves (worn)
 t - a +0 ring mail
 w - a +1 helmet (worn)
 z - a +2 robe of willpower (worn)
 H - a +0 kite shield
 O - a +0 buckler (worn)
Jewellery
 a - a +4 ring of evasion (left hand)
 i - a ring of flight
 j - a ring of magical power
 M - a ring of positive energy
 V - a ring of willpower (right hand)
Wands
 l - a wand of digging (7)
 r - a wand of polymorph (6)
 s - a wand of flame (33)
 K - a wand of quicksilver (4)
 N - a wand of iceblast (8)
Scrolls
 d - 4 scrolls of noise
 q - 3 scrolls of teleportation
Potions
 b - 4 potions of attraction
 c - 4 potions of curing
 v - 3 potions of ambrosia
 x - 2 potions of flight
 B - a potion of cancellation {unknown}
 C - 3 potions of degeneration {unknown}
 D - 5 potions of heal wounds {unknown}
 F - a potion of invisibility
 J - 2 potions of lignification
 P - 3 potions of mutation {unknown}
 Q - 2 potions of berserk rage {unknown}
 S - a potion of might {unknown}
 U - 2 potions of resistance {unknown}
Miscellaneous
 k - a piece from Xom's chessboard (14/15)


   Skills:
 + Level 7.1 Fighting
 + Level 7.1 Short Blades
 + Level 7.1 Long Blades
 + Level 7.1 Axes
 + Level 7.1 Maces & Flails
 + Level 7.1 Polearms
 + Level 7.1 Staves
 + Level 7.1 Ranged Weapons
 + Level 7.1 Throwing
 + Level 7.1 Armour
 + Level 8.5 Dodging
 + Level 8.3 Stealth
 + Level 7.1 Shields
 + Level 7.1 Unarmed Combat
 + Level 8.8 Spellcasting
 + Level 9.3 Conjurations
 + Level 5.9 Hexes
 + Level 5.9 Summonings
 + Level 5.9 Necromancy
 + Level 5.9 Translocations
 + Level 5.9 Transmutations
 + Level 5.9 Fire Magic
 + Level 5.9 Ice Magic
 + Level 5.9 Air Magic
 + Level 5.9 Earth Magic
 + Level 5.9 Poison Magic
 + Level 7.8 Invocations
 + Level 7.1 Evocations


You had 6 spell levels left.
You knew the following spells:

 Your Spells              Type           Power      Damage    Failure   Level
a - Magic Dart            Conj           100%       1d8       1%          1
b - Searing Ray           Conj           100%       2d8       1%          2
c - Dazzling Flash        Conj/Hex       86%        N/A       1%          3
d - Iskenderun's Mystic   Conj/Tloc      43%        2d10      3%          4
e - Ozocubu's Armour      Ice            35%        N/A       2%          3
f - Summon Ice Beast      Ice/Summ       35%        N/A       8%          4
g - Summon Forest         Summ/Tloc      17%        N/A       21%         5

Your spell library contained the following spells:

 Spells                   Type           Power      Damage    Failure   Level
 Apportation              Tloc           70%        N/A       1%          1
 Gell's Gravitas          Tloc           35%        N/A       2%          3
 Lesser Beckoning         Tloc           35%        N/A       2%          3
 Teleport Other           Tloc           35%        N/A       2%          3
 Fulminant Prism          Conj/Hex       21%        3d13      3%          4
 Cause Fear               Hex            17%        N/A       8%          4
 Passage of Golubria      Tloc           35%        N/A       8%          4
 Lee's Rapid Deconstruct  Erth           17%        3d12*     21%         5
 Summon Mana Viper        Hex/Summ       35%        N/A       21%         5
 Dispersal                Tloc           17%        N/A       75%         6
 Dragon Form              Tmut           17%        N/A       99%         7
 Monstrous Menagerie      Summ           17%        N/A       99%         7
 Ozocubu's Refrigeration  Ice            17%        4d11      99%         7
 Dragon's Call            Summ           17%        N/A       100%        9


Dungeon Overview and Level Annotations

Branches:
Dungeon (11/15)            Temple (0/1) D:4            Lair (0/5) D:8
    Orc (0/2) D:9         Ossuary (visited)

Altars:
Ashenzari
Cheibriados
Elyvilon
Fedhas
Gozag
Makhleb
Nemelex Xobeh
Ru
Uskayaw

Shops:
D:2 ?

Annotations:
D:4 1 runed translucent door, Taurus's ghost, amateur MiFi
D:10 2 runed translucent doors


Innate Abilities, Weirdness & Mutations

You have very sharp teeth.
Your uncanny sense of smell can sniff out nearby items.
Your experience applies equally to all skills.


Message History

The boulder beetle is lightly wounded.
The boulder beetle closely misses you.
Your ice beast hits the boulder beetle.
Your ice beast freezes the boulder beetle!
The boulder beetle curls into a ball and begins rolling!
Your ice beast hits the boulder beetle but does no damage.
Aiming: Quicksilver Bolt
Press: ? - help, Shift-Dir - straight line, f/p - boulder beetle
Aim: a boulder beetle (moderately wounded, rolling, ally target, 100% to hit)
The bolt of dispelling energy hits the boulder beetle!!
The boulder beetle is severely wounded.
The boulder beetle hits your ice beast!
Your ice beast dies!
Your ice beast disappears in a puff of smoke!
The boulder beetle stops rolling and uncurls.
You make a move on Xom's chessboard...
The boulder beetle resists with significant effort.
The boulder beetle curls into a ball and begins rolling!
Aiming: Quicksilver Bolt
Press: ? - help, Shift-Dir - straight line, f/p - boulder beetle
Aim: a boulder beetle (severely wounded, rolling, 100% to hit)
The bolt of dispelling energy hits the boulder beetle!
The boulder beetle is almost dead.
Casting: Iskenderun's Mystic Blast (dangerous; 3% risk of failure)
Confirm with . or Enter, or press ? or * to list all spells.
You erupt in a blast of force!
The mystic blast hits the boulder beetle.
The boulder beetle is almost dead.
The boulder beetle is knocked back by the mystic blast.
You hear an angry buzzing noise.
Casting: Iskenderun's Mystic Blast (dangerous; 3% risk of failure)
Confirm with . or Enter, or press ? or * to list all spells.
Aiming: Searing Ray (safe; 1% risk of failure)
Press: ? - help, Shift-Dir - straight line, f/p - boulder beetle
Aim: a boulder beetle (almost dead, rolling, 100% to hit)
The searing ray hits the boulder beetle.
The boulder beetle is almost dead. (Press . to maintain the ray.)
The boulder beetle hits you!!!
Ouch! That really hurt!
You die... #..>.....#####..# #.#####..# #..# #..# #.<# ... #..# #..# #yy

#..# #..# #.. #..#
#..# #.. #..#####..#
#.. #.....^...#
#..#####@B○°.....#
#####................#
.........########....#
.........# ######
.........# ##########


You could see a boulder beetle (rolling).

Vanquished Creatures
  2 hydras (D:10)
  Harold (D:10)
  2 centaur warriors (D:10)
  An ogre mage (D:10)
  A two-headed ogre (D:8)
  Erica (D:9)
  A manticore (D:10)
  A hornet (D:9)
  Prince Ribbit (D:5)
  3 shadows
  A culicivora (shapeshifter) (D:10)
  Sigmund (D:3)
  2 wraiths (D:9)
  A human (D:8)
  10 yaks
  A basilisk (D:10)
  3 hogs (D:8)
  Menkaure (D:4)
  3 swamp worms (D:9)
  Duvessa (D:4)
  3 sky beasts
  4 orc warriors
  An ice beast (D:5)
  An ogre (D:7)
  3 centaurs
  2 phantoms (D:4)
  3 kobold brigands
  An elf zombie (Ossuary)
  4 bullfrogs
  2 necrophages
  A gnoll sergeant (D:7)
  A scorpion (D:5)
  4 troll zombies (D:9)
  Dowan (D:4)
  6 killer bees (D:8)
  A howler monkey (D:9)
  2 centaur zombies (Ossuary)
  A human zombie (Ossuary)
  2 gnoll boudas (D:9)
  4 orc priests
  6 hounds
  A jelly (D:8)
  An iron imp (D:11)
  Natasha (thrice) (D:2)
  2 iguanas
  10 orc wizards
  4 ogre zombies (D:9)
  Robin (D:3)
  3 mummies
  17 gnolls
  6 adders
  A white imp (D:7)
  An ufetubus (D:7)
  2 adder zombies (Ossuary)
  2 worms
  A dart slug (D:5)
  26 orcs
  6 bats
  10 endoplasms
  2 giant cockroaches (D:2)
  7 hobgoblins
  6 jackals
  26 kobolds
  3 quokkas
  4 ball pythons
  4 frilled lizards
  14 goblins
  A goblin skeleton (D:9)
  6 goblin zombies
  A hobgoblin skeleton (D:9)
  14 hobgoblin zombies
  2 jackal zombies (Ossuary)
  6 kobold zombies (Ossuary)
  4 orc skeletons (D:9)
  22 orc zombies
  4 rats
  2 rat zombies (Ossuary)
316 creatures vanquished.

Vanquished Creatures (collateral kills)
  A white imp (D:7)
1 creature vanquished.

Vanquished Creatures (others)
  An orc wizard (D:6)
  4 plants (D:9)
5 creatures vanquished.

Grand Total: 322 creatures vanquished

Notes
Turn   | Place    | Note
-------+----------+-------------------------------------------
     0 | D:1      | croobank the Gnoll Conjurer began the quest for the Orb.
     0 | D:1      | Reached XP level 1. HP: 13/13 MP: 6/6
   488 | D:1      | Reached XP level 2. HP: 19/19 MP: 5/7
   634 | D:1      | Found a faded altar of an unknown god.
   641 | D:1      | Prayed at the altar of an unknown god.
   641 | D:1      | Became a worshipper of Makhleb the Destroyer
   641 | D:1      | Reached * piety under Makhleb
   944 | D:1      | Learned a level 2 spell: Searing Ray
  1646 | D:2      | Reached skill level 5 in Spellcasting
  1646 | D:2      | Reached XP level 3. HP: 25/25 MP: 7/9
  1835 | D:2      | Reached skill level 1 in Invocations
  1900 | D:2      | Learned a level 3 spell: Dazzling Flash
  2141 | D:2      | Reached ** piety under Makhleb
  2252 | D:2      | Noticed Natasha
  2263 | D:2      | Killed Natasha
  2264 | D:2      | Reached skill level 1 in Fighting
  2264 | D:2      | Reached skill level 1 in Short Blades
  2264 | D:2      | Reached skill level 1 in Long Blades
  2264 | D:2      | Reached skill level 1 in Axes
  2264 | D:2      | Reached skill level 1 in Maces & Flails
  2264 | D:2      | Reached skill level 1 in Polearms
  2264 | D:2      | Reached skill level 1 in Staves
  2264 | D:2      | Reached skill level 1 in Ranged Weapons
  2264 | D:2      | Reached skill level 1 in Throwing
  2264 | D:2      | Reached skill level 1 in Armour
  2264 | D:2      | Reached skill level 1 in Shields
  2264 | D:2      | Reached skill level 1 in Unarmed Combat
  2264 | D:2      | Reached skill level 1 in Evocations
  2264 | D:2      | Reached XP level 4. HP: 24/32 MP: 1/11
  2313 | D:2      | Noticed Natasha
  2350 | D:2      | Found Xuami's Magic Scroll Shop.
  2361 | D:2      | Killed Natasha
  2362 | D:2      | Reached skill level 1 in Hexes
  2362 | D:2      | Reached skill level 1 in Summonings
  2362 | D:2      | Reached skill level 1 in Necromancy
  2362 | D:2      | Reached skill level 1 in Translocations
  2362 | D:2      | Reached skill level 1 in Transmutations
  2362 | D:2      | Reached skill level 1 in Fire Magic
  2362 | D:2      | Reached skill level 1 in Ice Magic
  2362 | D:2      | Reached skill level 1 in Air Magic
  2362 | D:2      | Reached skill level 1 in Earth Magic
  2362 | D:2      | Reached skill level 1 in Poison Magic
  2537 | D:2      | Bought a scroll of identify for 24 gold pieces
  2600 | D:2      | Noticed Natasha
  2621 | D:2      | Killed Natasha
  2622 | D:2      | Reached XP level 5. HP: 36/37 MP: 8/12
  3130 | D:3      | Learned a level 4 spell: Iskenderun's Mystic Blast
  3142 | D:3      | Found a hide-covered altar of Uskayaw.
  3149 | D:3      | Noticed Robin
  3157 | D:3      | Killed Robin
  3378 | D:3      | Noticed Sigmund
  3385 | D:3      | Killed Sigmund
  3386 | D:3      | Reached skill level 5 in Dodging
  3386 | D:3      | Reached XP level 6. HP: 36/44 MP: 4/14
  3556 | D:3      | Identified a scroll of acquirement
  3556 | D:3      | Acquired a +4 ring of evasion
  3964 | D:4      | Noticed Menkaure
  3977 | D:4      | Killed Menkaure
  3978 | D:4      | Reached XP level 7. HP: 5/51 MP: 3/15
  4186 | D:4      | Found a staircase to the Ecumenical Temple.
  4294 | D:4      | Noticed Duvessa
  4294 | D:4      | Noticed Dowan
  4315 | D:4      | Killed Duvessa
  4316 | D:4      | Reached skill level 5 in Stealth
  4318 | D:4      | Reached *** piety under Makhleb
  4319 | D:4      | Killed Dowan
  4576 | D:2      | Bought a scroll of identify for 24 gold pieces
  4576 | D:2      | Bought a scroll of identify for 24 gold pieces
  4656 | D:4      | Found a runed translucent door.
  4657 | D:4      | Noticed Taurus's ghost (amateur MiFi)
  4692 | D:4      | Reached XP level 8. HP: 53/58 MP: 1/16
  5000 | D:5      | Entered Level 5 of the Dungeon
  5429 | D:5      | Noticed Prince Ribbit
  5442 | D:5      | Killed Prince Ribbit
  5910 | D:6      | Reached XP level 9. HP: 46/65 MP: 9/18
  6007 | D:6      | Learned a level 3 spell: Ozocubu's Armour
  6172 | D:6      | Reached **** piety under Makhleb
  6254 | D:6      | Reached skill level 8 in Conjurations
  7284 | D:7      | Found a sacrificial altar of Ru.
  7291 | D:7      | Found an opulent altar of Gozag.
  7380 | D:7      | Learned a level 4 spell: Summon Ice Beast
  7497 | D:7      | Reached skill level 5 in Invocations
  7854 | D:7      | Found a blossoming altar of Fedhas.
  7957 | D:8      | Found a staircase to the Lair.
  8154 | D:8      | Reached skill level 5 in Fighting
  8154 | D:8      | Reached skill level 5 in Short Blades
  8154 | D:8      | Reached skill level 5 in Long Blades
  8154 | D:8      | Reached skill level 5 in Axes
  8154 | D:8      | Reached skill level 5 in Maces & Flails
  8154 | D:8      | Reached skill level 5 in Polearms
  8154 | D:8      | Reached skill level 5 in Staves
  8154 | D:8      | Reached skill level 5 in Ranged Weapons
  8154 | D:8      | Reached skill level 5 in Throwing
  8154 | D:8      | Reached skill level 5 in Armour
  8154 | D:8      | Reached skill level 5 in Shields
  8154 | D:8      | Reached skill level 5 in Unarmed Combat
  8154 | D:8      | Reached skill level 5 in Evocations
  8154 | D:8      | Reached XP level 10. HP: 19/74 MP: 0/20
  8304 | D:8      | Found a sparkling altar of Nemelex Xobeh.
  8321 | D:8      | Noticed a two-headed ogre
  8336 | D:8      | Killed a two-headed ogre
  8502 | D:8      | Found a large runed translucent door.
  8502 | D:8      | Found a large runed translucent door.
  8526 | D:8      | Found a sand-covered staircase.
  8531 | Ossuary  | Entered an ossuary
  8580 | Ossuary  | Reached ***** piety under Makhleb
  9268 | D:8      | Found a white marble altar of Elyvilon.
  9345 | D:8      | Found a broken altar of Ashenzari.
  9428 | D:9      | Found a staircase to the Orcish Mines.
 10131 | D:9      | Reached skill level 5 in Hexes
 10131 | D:9      | Reached skill level 5 in Summonings
 10131 | D:9      | Reached skill level 5 in Necromancy
 10131 | D:9      | Reached skill level 5 in Translocations
 10131 | D:9      | Reached skill level 5 in Transmutations
 10131 | D:9      | Reached skill level 5 in Fire Magic
 10131 | D:9      | Reached skill level 5 in Ice Magic
 10131 | D:9      | Reached skill level 5 in Air Magic
 10131 | D:9      | Reached skill level 5 in Earth Magic
 10131 | D:9      | Reached skill level 5 in Poison Magic
 10178 | D:9      | Reached XP level 11. HP: 81/81 MP: 22/22
 10555 | D:9      | Noticed Erica
 10563 | D:9      | Killed Erica
 11062 | D:9      | Got the Directory of Hyperbolic Calling
 11069 | D:9      | Learned a level 5 spell: Summon Forest
 11229 | D:10     | Entered Level 10 of the Dungeon
 11308 | D:10     | Noticed an ogre mage
 11308 | D:10     | Noticed a centaur warrior
 11309 | D:10     | Noticed a manticore
 11310 | D:10     | Noticed a four-headed hydra
 11310 | D:10     | Noticed a five-headed hydra
 11312 | D:10     | Noticed a centaur warrior
 11314 | D:10     | Killed a manticore
 11315 | D:10     | Reached skill level 9 in Conjurations
 11316 | D:10     | Killed a centaur warrior
 11316 | D:10     | Killed a five-headed hydra
 11316 | D:10     | Killed a four-headed hydra
 11316 | D:10     | Killed an ogre mage
 11316 | D:10     | Reached ****** piety under Makhleb
 11316 | D:10     | Killed a centaur warrior
 11617 | D:10     | Identified the +9 mace of the Bellicose God {drain, rPois
                  | rN+ Will+}
 11644 | D:10     | Found a runed translucent door.
 11644 | D:10     | Noticed a death knight
 11648 | D:10     | Found a runed translucent door.
 11648 | D:10     | Noticed a purple ugly thing
 12529 | D:10     | Identified the +2 leather armour of the Lotus Blossom {rC++
                  | Int+4 Dex+3}
 12597 | D:10     | Noticed Harold
 12615 | D:10     | Killed Harold
 12616 | D:10     | Reached XP level 12. HP: 65/91 MP: 5/24
 13238 | D:11     | Found a snail-covered altar of Cheibriados.
 13283 | D:11     | Noticed a boulder beetle
 13319 | D:11     | Annihilated by a boulder beetle

Illustrated notes

Levels and vault maps discovered:
D:1:      erik_arrival_triangle_medium, layout_basic, basic_ecumenical_altar
D:2:      layout_basic, serial_shops, shop, minmay_misc_feat_room, uniq_natasha
D:3:      layout_loops_ring, lemuel_crystal_altar, uniq_robin, uniq_sigmund
D:4:      layout_rooms, temple_fountains, ebering_ghost_reflecting_pool,
          uniq_duvessa, uniq_menkaure
D:5:      layout_cave_pools, kennysheep_cross_bottleneck, uniq_prince_ribbit1
D:6:      layout_loops_ring
D:7:      layout_gridville, mainiacjoe_overflow_chevrons,
          nicolae_gozag_cash_rules_everything_around_me, marbit_many_paths
D:8:      layout_rooms, mainiacjoe_overflow_paths, jmf_multi_god_temple2,
          nicolae_ossuary_entry_giza, grunt_livestock
D:9:      layout_rooms, zombieorc2_lemuel, minmay_strange_pillars,
          minmay_misc_feat_rugged, worms_lemuel, uniq_erica
D:10:     minmay_the_grid_triangle_9x9_recursive_2
          [minmay_the_grid_triangle_9x9_prize_schism,
          minmay_the_grid_triangle_9x9_corrupted_corridor,
          minmay_the_grid_triangle_9x9_shrine,
          minmay_the_grid_triangle_9x9_tough_junction], layout_layer_cave,
          kennysheep_another_room, uniq_harold
D:11:     layout_irregular_city, chei_slow_surprise, uniq_urug

Skill      XL: |  1  2  3  4  5  6  7  8  9 10 11 |
---------------+----------------------------------+-----
Spellcasting   | 5 6 7 8 |  8.8
Invocations    | 1 2 3 4 5 6 7 |  7.8
Fighting       | 1 2 3 4 5 6 7 |  7.1
Short Blades   | 1 2 3 4 5 6 7 |  7.1
Long Blades    | 1 2 3 4 5 6 7 |  7.1
Axes           | 1 2 3 4 5 6 7 |  7.1
Maces & Flails | 1 2 3 4 5 6 7 |  7.1
Polearms       | 1 2 3 4 5 6 7 |  7.1
Staves         | 1 2 3 4 5 6 7 |  7.1
Ranged Weapons | 1 2 3 4 5 6 7 |  7.1
Throwing       | 1 2 3 4 5 6 7 |  7.1
Armour         | 1 2 3 4 5 6 7 |  7.1
Shields        | 1 2 3 4 5 6 7 |  7.1
Unarmed Combat | 1 2 3 4 5 6 7 |  7.1
Evocations     | 1 2 3 4 5 6 7 |  7.1
Hexes          | 1 2 3 4 5 |  5.9
Summonings     | 1 2 3 4 5 |  5.9
Necromancy     | 1 2 3 4 5 |  5.9
Translocations | 1 2 3 4 5 |  5.9
Transmutations | 1 2 3 4 5 |  5.9
Fire Magic     | 1 2 3 4 5 |  5.9
Ice Magic      | 1 2 3 4 5 |  5.9
Air Magic      | 1 2 3 4 5 |  5.9
Earth Magic    | 1 2 3 4 5 |  5.9
Poison Magic   | 1 2 3 4 5 |  5.9
Dodging        | 5 6 7 8 |  8.5
Stealth        | 5 6 7 8 |  8.3
Conjurations   | 8 9 |  9.3

Action                   |  1- 3 |  4- 6 |  7- 9 | 10-12 || total
-------------------------+-------+-------+-------+-------++-------
Melee: Unarmed           |    22 |       |       |       ||    22
       Bite              |     5 |     3 |    14 |    22 ||    44
       Punch             |     1 |       |       |       ||     1
       Whip              |    12 |       |       |       ||    12
       Dagger            |    21 |    27 |    41 |       ||    89
       Short sword       |       |       |   142 |   273 ||   415
Throw: Throwing net      |       |       |       |     1 ||     1
 Cast: Magic Dart        |    30 |     9 |    20 |     1 ||    60
       Searing Ray       |     9 |    13 |    21 |     9 ||    52
       Dazzling Flash    |     1 |     2 |     1 |     1 ||     5
       Iskenderun's Myst |       |     4 |    34 |    54 ||    92
       Summon Ice Beast  |       |       |     1 |     1 ||     2
       Ozocubu's Armour  |       |       |       |     4 ||     4
Invok: Minor Destruction |       |     1 |       |       ||     1
Evoke: Wand              |       |       |       |     2 ||     2
       Piece from Xom's  |       |       |       |     1 ||     1
  Use: Scroll            |     2 |     4 |    13 |     6 ||    25
       Potion            |       |       |     8 |     1 ||     9
 Stab: Sleeping          |     7 |     3 |     6 |     7 ||    23
       Invisible         |       |     1 |     4 |       ||     5
       Distracted        |       |       |       |     1 ||     1
       Held in net/web   |       |       |       |     1 ||     1
Armor: Robe              |    17 |       |    46 |    54 ||   117
       Skin              |       |       |     6 |       ||     6
Dodge: Dodged            |    54 |    17 |   185 |   203 ||   459
Block: Buckler           |     1 |     4 |    55 |    46 ||   106
